Map: Lerilak Crest

Players

fudlow - Winner!

  • Race: Zerg Zerg
  • League: Silver

LilDicky

  • Race: Terran Terran
  • League: Diamond

VOD

http://www.twitch.tv/tumescentpie

Description

Time

  • Played on: Dec. 6, 2015, 2:42 p.m.
  • Length: 15:50
Show
View Real Time Build Order
Export as new Build Order

fudlow Zerg - Winner!

Build Orders: Pool First 

Get SALT Encoding   

  12  0:01  Drone  
  13  0:13  Overlord  
  13  0:20  Drone  
  14  0:24  Extractor  
  14  0:27  Drone  
  14  0:39  Drone x2  
  16  0:52  Drone  
  17  1:01  Drone, Spawning Pool  
  17  1:12  Drone  
  18  1:19  Drone  
  19  1:29  Drone  
  19  1:31  Hatchery  
  19  1:48  Zergling x2  
  19  1:51  Zergling x2  
  21  2:01  Overlord  
  21  2:06  Extractor, Queen  
  22  2:11  Metabolic Boost  
  22  2:20  Drone  
  23  2:24  Drone  
  24  2:35  Drone  
  25  2:37  Evolution Chamber  
  25  2:39  Evolution Chamber  
  25  2:43  Drone  
  24  2:47  Queen  
  24  2:49  Drone  
  27  2:56  Zergling x4  
  29  3:04  Zerg Melee Weapons Level 1  
  29  3:07  Drone x2  
  31  3:15  Zergling x2  
  32  3:29  Zergling x6  
  32  3:30  Zergling x2  
  36  3:40  Overlord x2  
  36  3:43  Zerg Ground Armor Level 1  
  36  3:48  Overlord  
  36  4:04  Drone  
  36  4:05  Drone  
  36  4:06  Drone x5  
  36  4:07  Drone  
  44  4:15  Lair  
  44  4:21  Zergling x4  
  46  4:29  Overlord  
  46  4:38  Zergling x10  
  49  4:39  Zergling x2  
  51  4:55  Zergling x8  
  54  5:07  Zergling x2  
  54  5:08  Zergling x4  
  54  5:24  Zergling x4  
  56  5:33  Zergling x4  
  53  5:51  Zergling x8  
  55  6:11  Zergling x6  
  55  6:12  Zergling x10  
  59  6:23  Zergling x4  
  59  6:31  Zerg Melee Weapons Level 2  
  59  6:32  Zerg Ground Armor Level 2  
  59  6:36  Hatchery  
  57  6:48  Overlord x3  
  57  6:49  Overlord  
  57  7:00  Overlord  
  57  7:01  Overlord  
  57  7:06  Queen  
  57  7:07  Drone x2  
  59  7:24  Zergling x4  
  59  7:25  Zergling x4  
  56  7:37  Spore Crawler  
  56  7:41  Spore Crawler  
  47  7:46  Zergling x8  
  47  7:47  Zergling x4  
  45  8:02  Zergling x8  
  46  8:06  Queen  
  42  8:13  Zergling x2  
  42  8:14  Zergling x4  
  45  8:25  Zergling x6  
  45  8:28  Drone  
  46  8:38  Drone x6  
  51  8:53  Zergling x2  
  51  8:54  Zergling x6  
  54  9:06  Spore Crawler  
  42  9:40  Zergling x12  
  47  9:46  Zergling x6  
  32  10:19  Spawning Pool  
  10  11:36  Drone x2  
  10  11:37  Drone  
  13  11:48  Drone x2  
  13  11:49  Drone  
  16  11:56  Drone  
  17  12:17  Hatchery  
  16  12:23  Drone x6  
  22  12:39  Drone x2  
  24  12:59  Drone x4  
  28  13:08  Hatchery  
  27  13:56  Hatchery  
  26  14:22  Hatchery  
  25  14:42  Hatchery  
  25  14:43  Hatchery  
  23  15:00  Hatchery  
  23  15:01  Hatchery  
Show
View Real Time Build Order
Export as new Build Order

LilDicky Terran 

Build Orders:  

Get SALT Encoding   

  12  0:01  SCV  
  13  0:16  SCV  
  13  0:18  Supply Depot  
  14  0:28  SCV  
  15  0:40  SCV  
  16  0:49  Barracks  
  16  0:53  SCV  
  17  1:03  Refinery  
  17  1:05  Refinery  
  17  1:07  SCV  
  18  1:19  SCV  
  19  1:37  Orbital Command  
  19  1:38  Marine  
  20  1:44  Supply Depot  
  20  1:59  Marine  
  21  2:02  SCV  
  21  2:04  Factory  
  22  2:15  SCV  
  23  2:17  Marine  
  23  2:18  Supply Depot  
  24  2:27  SCV  
  25  2:35  Marine  
  26  2:40  SCV  
  27  2:49  Starport  
  27  2:52  Factory Tech Lab  
  27  2:53  Armory  
  27  2:55  SCV, Marine  
  29  3:01  Supply Depot  
  29  3:07  SCV  
  30  3:22  SCV, Marine  
  32  3:27  Medivac  
  34  3:39  Thor  
  39  3:46  SCV  
  40  3:52  Supply Depot  
  40  4:03  Medivac  
  40  4:04  SCV  
  40  4:08  Supply Depot  
  43  4:15  Supply Depot  
  43  4:16  Marine  
  44  4:22  Thor, SCV  
  51  4:33  Marine  
  51  4:37  SCV  
  53  4:42  Supply Depot  
  53  5:04  SCV  
  54  5:08  Thor  
  60  5:32  Starport Tech Lab  
  60  5:34  SCV  
  60  5:35  Command Center x2  
  61  6:02  Thor, Banshee  
  70  6:04  SCV  
  71  6:33  Marine  
  71  6:34  Cloaking Field  
  72  6:59  SCV  
  73  7:05  Engineering Bay, Orbital Command  
  73  7:07  Banshee  
  76  7:08  Command Center  
  76  7:11  SCV  
  75  8:03  Thor  
  81  8:06  Banshee  
  81  8:12  Orbital Command  
  84  8:16  SCV  
  73  8:35  SCV  
  73  8:36  Planetary Fortress  
  73  8:40  Missile Turret  
  74  8:46  Command Center  
  74  9:28  Thor  
  74  9:29  Banshee  
  74  9:30  SCV  
  72  9:49  SCV  
  72  9:50  SCV  
  74  9:55  Planetary Fortress  
  71  10:01  SCV  
  71  10:03  SCV  
  68  10:09  Refinery  
  68  10:12  Refinery  
  58  10:32  SCV  
  58  10:33  Thor  
  65  10:49  Banshee  
  68  10:51  Command Center  
  68  10:53  Command Center x2  
  68  11:01  Refinery  
  68  11:32  Thor  
  74  11:45  Banshee  
  77  12:06  Missile Turret  
  77  12:07  Missile Turret x3  
  77  13:15  Planetary Fortress x2  
  77  13:16  Planetary Fortress, Refinery  
  77  13:20  Banshee  
  77  13:21  Thor  
  77  13:26  Factory  
  86  13:28  Factory  
  86  14:10  Refinery  
  86  14:14  Refinery  
Tags
 
Add a new tag
Caveats
  • Supply blocks, unpowered buildings, or Contaminate may cause inaccurate times.
  • Supply counts are checked every 10 seconds.